 Dungeon Crawl Stone Soup version 0.30-a0-339-g89bb51ec76 (webtiles) character file.

Game seed: 12092185787304008872

342 PimpSugar the Magician (level 6, 0/38 (43) HPs)
             Began as a Demonspawn Hedge Wizard on Nov 1, 2022.
             Slain by Crazy Yiuf
             ... wielding a +2 quarterstaff of chaos
              (1 damage)
             ... on level 4 of the Dungeon.
             The game lasted 00:20:09 (2584 turns).

PimpSugar the Magician (Demonspawn Hedge Wizard)    Turns: 2584, Time: 00:20:10

HP:   0/38 (43)     AC:  6    Str: 11    XL:     6   Next: 30%
MP:   3/12          EV: 11    Int: 17    God:
Gold: 175           SH:  5    Dex: 12    Spells: 4/13 levels left

rFire   . . .      SeeInvis .    q - +2 dagger (vamp)
rCold   . . .      Faith    .    (no shield)
rNeg    . . .      Spirit   .    r - +0 leather armour
rPois   .          Reflect  +    c - +0 hat
rElec   .          Harm     .    (no cloak)
rCorr   .          Rampage  .    (no gloves)
Will    .....                    k - +0 pair of boots
Stlth   ++........               l - amulet of reflection
HPRegen 0.26/turn                (no ring)
MPRegen 0.13/turn                (no ring)

@: lethally poisoned (0 -> -17), heavily drained
A: foul stench 1, sharp scales 2
a: no special abilities


You were on level 4 of the Dungeon.
You visited 1 branch of the dungeon, and saw 4 of its levels.

You collected 175 gold pieces.

Inventory:

Hand Weapons
 e - a +0 dagger of draining
 h - a +1 vorpal flail
 m - a +0 sling
 q - a +2 vampiric dagger (weapon)
Missiles
 g - 32 stones
 n - 8 poisoned darts (quivered)
Armour
 b - a +0 robe
 c - a +0 hat (worn)
 k - a +0 pair of boots (worn)
 r - a +0 leather armour (worn)
Jewellery
 a - an amulet of reflection
 l - an amulet of reflection (around neck)
 o - a ring of ice
Scrolls
 d - a scroll of noise {unknown}
 f - 2 scrolls of teleportation


   Skills:
 + Level 1.5 Fighting
 - Level 2.0 Dodging
 + Level 2.5 Stealth
 * Level 4.0 Spellcasting
 * Level 2.8 Conjurations
 + Level 0.0 Hexes
 + Level 1.9 Summonings
 + Level 1.6 Necromancy
 + Level 1.9 Translocations
 + Level 1.1 Air Magic
 + Level 1.3 Poison Magic


You had 4 spell levels left.
You knew the following spells:

 Your Spells              Type           Power      Damage    Failure   Level
a - Magic Dart            Conj           52%        1d5       6%          1
b - Call Imp              Summ           10%        N/A       14%         2
c - Cigotuvi's Dreadful   Necr/Pois/Air  16%        N/A       19%         2
d - Slow                  Hex            12%        N/A       21%         1
e - Blink                 Tloc           18%        N/A       14%         2
f - Apportation           Tloc           18%        N/A       10%         1

Your spell library contained the following spells:

 Spells                   Type           Power      Damage    Failure   Level
 Summon Small Mammal      Summ           40%        N/A       10%         1
 Necrotise                Necr           36%        1d5       11%         1
 Mephitic Cloud           Conj/Pois/Air  9%         N/A       30%         3


Dungeon Overview and Level Annotations

Branches:
Dungeon (4/15)
 Temple: D:4-7

Altars:
Ashenzari
Dithmenos
Uskayaw

Annotations:
D:4 3 runed translucent doors, AmazingPX's ghost, amateur HOBe; Crazy Yiuf


Innate Abilities, Weirdness & Mutations

You may rarely emit foul miasma when damaged in melee.
You are mostly covered in razor-sharp scales. (AC +2, Slay +2)


Message History

You swap places.
Crazy Yiuf is no longer moving slowly.
Crazy Yiuf hits your crimson imp with a +2 quarterstaff of chaos!
Your crimson imp dies!
Your crimson imp disappears in a puff of smoke!
Casting: Slow (safe; 21% risk of failure)
Confirm with . or Enter, or press ? or * to list all spells.
You miscast Call Imp.
You are very lightly contaminated with residual magic.
Nothing appears to happen.
Crazy Yiuf attacks as you move away!
Crazy Yiuf hits you with a +2 quarterstaff of chaos!
Casting: Call Imp (safe; 14% risk of failure)
Confirm with . or Enter, or press ? or * to list all spells.
A beastly little devil appears in a puff of frigid air.
Crazy Yiuf barely misses you.
Your white imp barely misses Crazy Yiuf.
Your white imp closely misses Crazy Yiuf.
Casting: Call Imp (safe; 14% risk of failure)
Confirm with . or Enter, or press ? or * to list all spells.
Aiming: Slow (safe; 21% risk of failure)
Press: ? - help, Shift-Dir - straight line, f/p - Crazy Yiuf
Aim: Crazy Yiuf, wielding a +2 quarterstaff of chaos and wearing a +0 cloak (moderately wounded, ally target, chance to affect: 45%)
Okay, then.
Adjust (i)tems, (s)pells, or (a)bilities?
Adjust which spell?
Okay, then.
Casting: Slow (safe; 21% risk of failure)
Confirm with . or Enter, or press ? or * to list all spells.
A part of your flesh rots into a cloud of miasma!
You feel drained.
Crazy Yiuf hits you with a +2 quarterstaff of chaos!
* * * LOW HITPOINT WARNING * * *
You are lethally poisoned!
Your white imp hits Crazy Yiuf.
Your white imp freezes Crazy Yiuf.
Your magical contamination has completely faded away.
Crazy Yiuf attacks as you move away!
Crazy Yiuf hits you with a +2 quarterstaff of chaos.
* * * LOW HITPOINT WARNING * * *
Crazy Yiuf burns you.
You die...

♣.♣♣ . ♣♣.♣ ..
♣.♣♣ .. ♣♣.♣ ..
.# ♣♣.♣♣ .#
####.# ♣♣...♣ ..
..... ♣.5..♣ ..
.. .... #.g..# #.
... #..## #.@..#
....#...# #...##
....##..####.##
..............#
...........#####
...........####
#...#####......#
..# # ##.....#
#......##......##


You could see Crazy Yiuf (ally target) and a friendly white imp (summoned).

Vanquished Creatures
  A phantom (D:4)
  A scorpion (D:4)
  A hound (D:4)
  An iguana (D:4)
  An adder (D:2)
  A dart slug (D:2)
  2 orcs
  2 bats
  2 endoplasms
  4 giant cockroaches
  5 goblins
  8 hobgoblins
  2 jackals (D:4)
  9 kobolds
  3 quokkas
  2 ball pythons
  2 frilled lizards (D:1)
  A rat (D:3)
48 creatures vanquished.

Vanquished Creatures (collateral kills)
  An ogre (D:4)
  An endoplasm (D:3)
  A goblin (D:4)
  A hobgoblin (D:3)
  4 jackals
  A kobold (D:4)
9 creatures vanquished.

Vanquished Creatures (others)
  A plant (D:3)
1 creature vanquished.

Grand Total: 58 creatures vanquished

Notes
Turn   | Place    | Note
-------+----------+-------------------------------------------
     0 | D:1      | PimpSugar the Demonspawn Hedge Wizard began the quest for
                  | the Orb.
     0 | D:1      | Reached XP level 1. HP: 13/13 MP: 4/4
   191 | D:1      | Reached skill level 1 in Translocations
   245 | D:1      | Gained mutation: You may rarely emit foul miasma when
                  | damaged in melee. [demonic ancestry]
   245 | D:1      | Reached XP level 2. HP: 19/19 MP: 0/6
   315 | D:1      | Learned a level 2 spell: Call Imp
   318 | D:1      | Learned a level 2 spell: Cigotuvi's Dreadful Rot
   923 | D:1      | Learned a level 2 spell: Blink
   954 | D:2      | Reached XP level 3. HP: 25/25 MP: 1/7
  1042 | D:2      | You fall into a shaft and drop 1 floor!
  1284 | D:3      | Found a faded altar of an unknown god.
  1331 | D:3      | Found a shadowy altar of Dithmenos.
  1854 | D:4      | Gained mutation: You are partially covered in razor-sharp
                  | scales. (AC +1, Slay +1) [demonic ancestry]
  1854 | D:4      | Reached XP level 4. HP: 22/31 MP: 3/9
  1911 | D:4      | Noticed an ogre
  1931 | D:4      | Killed an ogre
  1932 | D:4      | Reached skill level 1 in Fighting
  1932 | D:4      | Reached skill level 1 in Necromancy
  1932 | D:4      | Gained mutation: You are mostly covered in razor-sharp
                  | scales. (AC +2, Slay +2) [demonic ancestry]
  1932 | D:4      | Reached XP level 5. HP: 7/37 MP: 1/10
  2156 | D:4      | Reached skill level 1 in Air Magic
  2156 | D:4      | Reached skill level 1 in Poison Magic
  2293 | D:4      | Reached XP level 6. HP: 38/43 MP: 7/11
  2385 | D:4      | Learned a level 1 spell: Apportation
  2389 | D:4      | Found a runed translucent gate.
  2393 | D:4      | Found a runed translucent gate.
  2394 | D:4      | Found a runed translucent gate.
  2402 | D:4      | Noticed AmazingPX's ghost (amateur HOBe)
  2408 | D:4      | Found a broken altar of Ashenzari.
  2476 | D:4      | Found a hide-covered altar of Uskayaw.
  2489 | D:4      | Reached skill level 4 in Spellcasting
  2559 | D:4      | Found a runed translucent door.
  2560 | D:4      | Noticed Crazy Yiuf
  2565 | D:4      | Learned a level 1 spell: Slow
  2584 | D:4      | HP: 1/38 [Crazy Yiuf/+2 quarterstaff of chaos (2)]
  2584 | D:4      | Slain by Crazy Yiuf

Illustrated notes

Levels and vault maps discovered:
D:1:      saegor_arrival_simple_e, layout_rooms, minmay_tetromino_o2
D:2:      layout_rooms, minmay_surrounded
D:3:      layout_basic, general_overflow_altar,
          shapermc_ecumenical_altar_mp_urbaneastern, small_statue_intersection
D:4:      layout_cave_pools, overflow_temple_1_default,
          nicolae_uskayaw_suspiria, gammafunk_ghost_split, minmay_door_square,
          uniq_crazy_yiuf_cottage

Skill      XL: |  1  2  3  4  5  6 |
---------------+-------------------+-----
Translocations | 1 |  1.9
Dodging        | 2 |  2.0
Stealth        | 2 |  2.5
Conjurations   | 2 |  2.8
Fighting       | 1 |  1.5
Necromancy     | 1 |  1.6
Air Magic      | 1 |  1.1
Poison Magic   | 1 |  1.3
Spellcasting   | 4 |  4.0
Summonings     | |  1.9

Action                   |  1- 3 |  4- 6 || total
-------------------------+-------+-------++-------
Melee: Dagger            |   110 |    62 ||   172
       Punch             |     2 |       ||     2
Throw: Stone             |     7 |       ||     7
       Dart              |       |     3 ||     3
 Cast: Magic Dart        |    60 |    12 ||    72
       Call Imp          |     6 |     9 ||    15
       Cigotuvi's Dreadf |     2 |     2 ||     4
       Blink             |       |     4 ||     4
       Slow              |       |     3 ||     3
  Use: Scroll            |     4 |       ||     4
       Potion            |     1 |     4 ||     5
Armor: Robe              |    45 |       ||    45
       Leather armour    |       |    20 ||    20
Dodge: Dodged            |   108 |    38 ||   146
Block: Other             |     6 |    19 ||    25
       Reflection        |       |     1 ||     1

Table legend: (Time is in decaauts)
 A = Elapsed time spent in this place.
 B = Non-inter-level travel time spent in this place.
 C = Inter-level travel time spent in this place.
 D = Time resting spent in this place.
 E = Time spent auto-exploring this place.
 F = Levels seen in this place.
 G = Mean time per level.
                   A        B        C        D        E       F      G
               +--------+--------+--------+--------+--------+-----+--------+
         Total |   2582 |   2189 |    393 |    277 |   1039 |   4 |  645.5 |
       Dungeon |   2582 |   2189 |    393 |    277 |   1039 |   4 |  645.5 |
               +--------+--------+--------+--------+--------+-----+--------+

Top non-repeatable levels by time:
     D:1: 924 daAuts
     D:4: 861 daAuts
     D:3: 679 daAuts
     D:2: 117 daAuts
